 Dungeon Crawl Stone Soup version 0.28-a0-1312-g71652a0310 (webtiles) character file.

Game seed: 792409101021575224

337 wakim the Covert (level 6, -25/47 HPs)
             Began as a Gnoll Wanderer on Dec 27, 2021.
             Was a Follower of Uskayaw.
             Annihilated by an ogre (28 damage)
             ... on level 4 of the Dungeon.
             The game lasted 00:11:23 (3397 turns).

wakim the Covert (Gnoll Wanderer)                   Turns: 3397, Time: 00:11:23

Health: -25/47     AC:  6    Str: 15    XL:     6   Next: 54%
Magic:  16/16      EV: 11    Int: 12    God:    Uskayaw [*.....]
Gold:   116        SH:  4    Dex: 11    Spells: 16/19 levels left

rFire   . . .      SeeInvis .   a - +3 mace of Hacking and Slashing {venom, Str+5 Dex-3}
rCold   . . .      Faith    .   c - +0 buckler
rNeg    . . .      Spirit   .   M - +0 leather armour
rPois   .          Reflect  .   (no helmet)
rElec   .          Harm     .   Q - +2 cloak
rCorr   .          Rampage  .   (no gloves)
Will    .....                   (no boots)
Stlth   ++++......              (no amulet)
HPRegen 0.15/turn               (no ring)
MPRegen 0.15/turn               (no ring)

@: no status effects
A: fangs 1, strong nose, distributed training
a: Renounce Religion, Stomp


You were on level 4 of the Dungeon.
You worshipped Uskayaw.
Uskayaw was noncommittal.
You visited 1 branch of the dungeon, and saw 4 of its levels.

You collected 116 gold pieces.

Inventory:

Hand Weapons
 a - the +3 mace of Hacking and Slashing (weapon) {venom, Str+5 Dex-3}
   (You found it on level 3 of the Dungeon)

   It poisons the flesh of those it strikes.
   Str:       It affects your strength (+5).
   Dex:       It affects your dexterity (-3).
 b - a +3 short sword
 S - a +2 dagger
 V - a +0 demon whip
Armour
 c - a +0 buckler (worn)
 M - a +0 leather armour (worn)
 Q - a +2 cloak (worn)
Scrolls
 N - a scroll of teleportation {unknown}
 O - a scroll of summoning {unknown}
 P - a scroll of enchant armour {unknown}
 W - a scroll of amnesia {unknown}
 X - 3 scrolls of fear {unknown}
 Y - a scroll of blinking {!r}
 Z - 2 scrolls of fog {unknown}
Potions
 F - 3 potions of curing
 H - 3 potions of haste
 L - 2 potions of lignification {!q}
 R - a potion of degeneration {unknown}
 T - a potion of attraction {unknown}
 U - a potion of heal wounds {unknown}


   Skills:
 + Level 3.3 Fighting
 + Level 2.0 Short Blades
 + Level 2.0 Long Blades
 + Level 2.0 Axes
 + Level 2.0 Maces & Flails
 + Level 2.0 Polearms
 + Level 2.0 Staves
 + Level 2.0 Slings
 + Level 2.0 Bows
 + Level 2.0 Crossbows
 + Level 2.0 Throwing
 + Level 2.0 Armour
 + Level 2.0 Dodging
 + Level 9.8 Stealth
 + Level 3.3 Shields
 + Level 2.0 Unarmed Combat
 + Level 7.4 Spellcasting
 + Level 1.6 Conjurations
 + Level 1.6 Hexes
 + Level 1.6 Summonings
 + Level 1.6 Necromancy
 + Level 1.6 Translocations
 + Level 1.6 Transmutations
 + Level 1.6 Fire Magic
 + Level 1.6 Ice Magic
 + Level 1.6 Air Magic
 + Level 1.6 Earth Magic
 + Level 1.6 Poison Magic
 + Level 2.2 Invocations
 + Level 2.0 Evocations


You had 16 spell levels left.
You knew the following spells:

 Your Spells              Type           Power      Damage    Failure   Level
a - Summon Small Mammal   Summ           32%        N/A       11%         1
x - Ensorcelled Hibernat  Hex/Ice        16%        N/A       16%         2

Your spell library contained the following spells:

 Spells                   Type           Power      Damage    Failure   Level
 Spider Form              Tmut/Pois      8%         N/A       32%         3
 Summon Guardian Golem    Hex/Summ       8%         N/A       32%         3


Dungeon Overview and Level Annotations

Branches:
Dungeon (4/15)
 Temple: D:4-7

Altars:
Elyvilon
Uskayaw
Vehumet
Yredelemnul

Shops:
D:3 (

Annotations:
D:2 Sigmund


Innate Abilities, Weirdness & Mutations

You have very sharp teeth.
Your uncanny sense of smell can sniff out nearby items.
Your experience applies equally to all skills.


Message History

There is an open door here.
You open the door.
There is an open door here.
Z - 2 scrolls labelled CAOTECW HEALEUTHRA (gained 1)
T - a bubbling green potion
Okay, then.
You open the door.
There is an open door here.
You see here a +0 mace.
You open the door.
There is an open door here.
O - a scroll labelled KOYLORU NIGIWK You open the door.
There is an open door here.
There is an open door here.
You open the door.
There is an open door here.
A hobgoblin comes into view.
An ogre comes into view. It is wielding a +0 giant club.
The helpless hobgoblin fails to defend itself.
You sock the hobgoblin!
You kill the hobgoblin!
The +3 mace of Hacking and Slashing {venom, Str+5 Dex-3} stops dripping with poison.
b - a +3 short sword (weapon)
The ogre shouts!
You barely miss the ogre. You block the ogre's attack.
You hit the ogre but do no damage.
The ogre hits you with a +0 giant club!!
You feel stronger.
You feel clumsy.
The +3 mace of Hacking and Slashing {venom, Str+5 Dex-3} begins to drip with poison!
a - the +3 mace of Hacking and Slashing (weapon)
{venom, Str+5 Dex-3} You barely miss the ogre.
The ogre hits you with a +0 giant club!!
Ouch! That really hurt!
* * * LOW HITPOINT WARNING * * *
There is an open door here.
The ogre hits you with a +0 giant club!!
Ouch! That really hurt!
You die...

#.....# ##...##...#.......#
#.....# #.....#...#.......#
#.....# #....##...#.......#
#.....# #....##...#.......'
#.....#######'###...#.......#
#..........#...##...#.......#
#..........#........#.......#
#..........#........#.......#
#..........O@..###'##.......#
#..........#...#............#
######.....#####.............
####### #.............
#............. #.....##+####.
#.#+### #. .. #. ..# #.


You could see an ogre.

Vanquished Creatures
  An ice beast (D:3)
  A bullfrog (D:3)
  Crazy Yiuf (D:3)
  Jessica (D:3)
  A hound zombie (D:3)
  A gnoll (D:3)
  3 adders
  A worm (D:2)
  2 dart slugs
  4 ball pythons
  6 bats
  9 endoplasms
  2 giant cockroaches
  3 goblins
  7 hobgoblins
  8 kobolds
  2 quokkas
  10 frilled lizards
  4 rats
  A spectral hobgoblin (D:3)
68 creatures vanquished.

Vanquished Creatures (collateral kills)
  2 kobolds (D:1)
2 creatures vanquished.

Grand Total: 70 creatures vanquished

Notes
Turn   | Place    | Note
-------+----------+-------------------------------------------
     0 | D:1      | Reached skill level 9 in Stealth
     0 | D:1      | wakim the Gnoll Wanderer began the quest for the Orb.
     0 | D:1      | wakim set off with the following items: a +2 dagger, a +0
                  | buckler, a +0 robe, a scroll of blinking {!r}; and the
                  | following spell memorised: Summon Small Mammal; and the
                  | following spells available to memorise: Summon Guardian
                  | Golem
     0 | D:1      | Reached XP level 1. HP: 17/17 MP: 8/8
   509 | D:1      | Reached XP level 2. HP: 12/23 MP: 10/10
   786 | D:1      | !bestwep
  1072 | D:1      | Reached XP level 3. HP: 28/28 MP: 11/11
  1384 | D:2      | Noticed Sigmund
  1617 | D:2      | Reached skill level 1 in Invocations
  1734 | D:2      | Reached skill level 1 in Short Blades
  1734 | D:2      | Reached skill level 1 in Long Blades
  1734 | D:2      | Reached skill level 1 in Axes
  1734 | D:2      | Reached skill level 1 in Maces & Flails
  1734 | D:2      | Reached skill level 1 in Polearms
  1734 | D:2      | Reached skill level 1 in Staves
  1734 | D:2      | Reached skill level 1 in Slings
  1734 | D:2      | Reached skill level 1 in Bows
  1734 | D:2      | Reached skill level 1 in Crossbows
  1734 | D:2      | Reached skill level 1 in Throwing
  1734 | D:2      | Reached skill level 1 in Armour
  1734 | D:2      | Reached skill level 1 in Dodging
  1734 | D:2      | Reached skill level 1 in Unarmed Combat
  1734 | D:2      | Reached skill level 1 in Evocations
  1832 | D:3      | Noticed an ice beast
  1834 | D:3      | Noticed Jessica
  1854 | D:3      | Killed an ice beast
  1855 | D:3      | Reached skill level 1 in Conjurations
  1855 | D:3      | Reached skill level 1 in Hexes
  1855 | D:3      | Reached skill level 1 in Summonings
  1855 | D:3      | Reached skill level 1 in Necromancy
  1855 | D:3      | Reached skill level 1 in Translocations
  1855 | D:3      | Reached skill level 1 in Transmutations
  1855 | D:3      | Reached skill level 1 in Fire Magic
  1855 | D:3      | Reached skill level 1 in Ice Magic
  1855 | D:3      | Reached skill level 1 in Air Magic
  1855 | D:3      | Reached skill level 1 in Earth Magic
  1855 | D:3      | Reached skill level 1 in Poison Magic
  1855 | D:3      | Reached XP level 4. HP: 23/34 MP: 13/13
  1855 | D:3      | Reached XP level 5. HP: 27/40 MP: 14/14
  1865 | D:3      | Killed Jessica
  1903 | D:3      | Reached XP level 6. HP: 8/47 MP: 16/16
  2384 | D:3      | Found a faded altar of an unknown god.
  2394 | D:3      | Prayed at the altar of an unknown god.
  2394 | D:3      | Became a worshipper of Uskayaw the Reveller
  2394 | D:3      | Reached * piety under Uskayaw
  2465 | D:3      | Found a radiant altar of Vehumet.
  2490 | D:3      | Found a basalt altar of Yredelemnul.
  2646 | D:3      | Found a white marble altar of Elyvilon.
  2740 | D:3      | Reached ** piety under Uskayaw
  2744 | D:3      | Learned a level 2 spell: Ensorcelled Hibernation
  2764 | D:3      | Found Loaty's Weapon Shoppe.
  2845 | D:3      | Found a runed translucent door.
  2846 | D:3      | Noticed Crazy Yiuf
  2856 | D:3      | Killed Crazy Yiuf
  2894 | D:3      | Identified the +3 mace of Hacking and Slashing {venom,
                  | Str+5 Dex-3}
  2981 | D:3      | !bestwep
  3256 | D:4      | !bestwep
  3381 | D:4      | HP: 1/47 [ogre (25)]
  3397 | D:4      | Annihilated by an ogre

Illustrated notes #.#..####..#.#+## # #.#..# ..#.#.# # #.##..## .##...# # .. #.... .#....## # #. ##....##.....## # ## #....#.......# # ......##...########## .#.##.###............ #..@.....#########.. .........###.# ##. ########## #.# #. #.# #. #.# ## #.# ... #.# Turn 786 on D:1: !bestwep

#########
#.......#
#####
##.#####.#
#<... .#.#
#.# #####
#.... .#.#
#.# #@..#
#....
.#.#####.#
#...# #....
##.#.....#
#.[.#
#####....
##.#.######
##'##
.........
...#.#....#
♣.♣♣ ####.#[#
####......#
♣♣.♣ #...# #
###....# ♣.♣♣
##### #
####...##
♣♣.♣ ####
####.......##
♣♣.♣♣ #..#


Turn 2981 on D:3: !bestwep #.......# #.......+ #.......# #.......# ... #.......#
...J #..!....# ..... ##.......# ..... .......@.#+####.....
....................!# .....................# .....................#
..##+####............# # #............# #............+ #............#
#......####+#### Turn 3256 on D:4: !bestwep

Levels and vault maps discovered:
D:1:      tarquinn_simple_flora_water_b, layout_loops_corners,
          minmay_misc_feat_iff, roderic_lattice_a
D:2:      layout_rooms, minmay_fractal_squares_5, uniq_sigmund
D:3:      layout_basic, kennysheep_ying_yang, mainiacjoe_overflow_tiny_flanked,
          serial_shops, nicolae_shop_stone,
          dreamdust_ecumenical_altar_drowned_temple, st_stairs_10,
          minmay_unequal, uniq_crazy_yiuf_cottage, uniq_jessica
D:4:      layout_gridville

Skill      XL: |  1  2  3  4  5  6 |
---------------+-------------------+-----
Stealth        | |  9.8
Invocations    | 1 2 |  2.2
Short Blades   | 1 2 |  2.0
Long Blades    | 1 2 |  2.0
Axes           | 1 2 |  2.0
Maces & Flails | 1 2 |  2.0
Polearms       | 1 2 |  2.0
Staves         | 1 2 |  2.0
Slings         | 1 2 |  2.0
Bows           | 1 2 |  2.0
Crossbows      | 1 2 |  2.0
Throwing       | 1 2 |  2.0
Armour         | 1 2 |  2.0
Dodging        | 1 2 |  2.0
Unarmed Combat | 1 2 |  2.0
Evocations     | 1 2 |  2.0
Conjurations   | 1 |  1.6
Hexes          | 1 |  1.6
Summonings     | 1 |  1.6
Necromancy     | 1 |  1.6
Translocations | 1 |  1.6
Transmutations | 1 |  1.6
Fire Magic     | 1 |  1.6
Ice Magic      | 1 |  1.6
Air Magic      | 1 |  1.6
Earth Magic    | 1 |  1.6
Poison Magic   | 1 |  1.6
Fighting       | 3 |  3.3
Shields        | 3 |  3.3
Spellcasting   | |  7.4

Action                   |  1- 3 |  4- 6 || total
-------------------------+-------+-------++-------
Melee: Dagger            |    16 |       ||    16
       Bite              |     8 |     7 ||    15
       Short sword       |    76 |    73 ||   149
       Mace              |       |     7 ||     7
 Cast: Summon Small Mamm |     8 |       ||     8
  Use: Scroll            |       |     3 ||     3
 Stab: Sleeping          |    12 |    10 ||    22
Armor: Robe              |     3 |       ||     3
       Scale mail        |    42 |     9 ||    51
       Leather armour    |       |    11 ||    11
Dodge: Dodged            |    30 |    22 ||    52
Block: Buckler           |    20 |    13 ||    33

Table legend: (Time is in decaauts)
 A = Elapsed time spent in this place.
 B = Non-inter-level travel time spent in this place.
 C = Inter-level travel time spent in this place.
 D = Time resting spent in this place.
 E = Time spent auto-exploring this place.
 F = Levels seen in this place.
 G = Mean time per level.
                   A        B        C        D        E       F      G
               +--------+--------+--------+--------+--------+-----+--------+
         Total |   3420 |   3172 |    248 |    394 |   1700 |   4 |  855.0 |
       Dungeon |   3420 |   3172 |    248 |    394 |   1700 |   4 |  855.0 |
               +--------+--------+--------+--------+--------+-----+--------+

Top non-repeatable levels by time:
     D:1: 1541 daAuts
     D:3: 1379 daAuts
     D:2: 293 daAuts
     D:4: 205 daAuts
